CCBL
ORLEANS FIREBIRDS @ COTUIT KETTLEERS
02/22/2060
 
TOP OF THE 1ST
Orleans Firebirds batting - Pitching for Cotuit Kettleers : RHP Dalton Reidy
Pitching: RHP Dalton Reidy
Batting: RHB Benjamin Sweeney 0-0: Ball
1-0: Fly out, F6 (Popup, 6D, EV 55.6 MPH)
Batting: RHB Adrian Harrison 0-0: Ball
1-0: Called Strike
1-1: Foul Ball, location: 2F
1-2: Foul Ball, location: 2F
1-2: Strikes out swinging
Batting: RHB Toby Foster 0-0: Ball
1-0: Called Strike
1-1: Ball
2-1: Ball
3-1: Swinging Strike
3-2: Ground out 5-3 (Groundball, 5, EV 81.2 MPH)
Top of the 1st over - 0 runs, 0 hits, 0 errors, 0 left on base; Orleans 0 - Cotuit 0
BOTTOM OF THE 1ST
Cotuit Kettleers batting - Pitching for Orleans Firebirds : RHP Jalen Clark
Pitching: RHP Jalen Clark
Batting: RHB Jared Sadler 0-0: Ball
1-0: Called Strike
1-1: Ball
2-1: DOUBLE (Line Drive, 7LS, EV 111.9 MPH)
Batting: RHB Tate Brown 0-0: Ball
1-0: Swinging Strike
1-1: Foul Ball, location: 2F
1-2: Fly out, F8 (Flyball, 89M, EV 77.5 MPH)
Batting: LHB Landen Ostrander 0-0: Called Strike
0-1: Called Strike
0-2: Strikes out swinging
Batting: RHB Kris Lingenfelter 0-0: Ball
1-0: Foul Ball, location: 2F
1-1: Foul Ball, location: 2F
1-2: Foul Ball, location: 2F
1-2: Foul Ball, location: 2F
1-2: Ball
2-2: Ball
3-2: Fly out, F7 (Flyball, 7S, EV 74.4 MPH)
Bottom of the 1st over - 0 runs, 1 hit, 0 errors, 1 left on base; Orleans 0 - Cotuit 0
TOP OF THE 2ND
Orleans Firebirds batting - Pitching for Cotuit Kettleers : RHP Dalton Reidy
Batting: RHB Rashad Eskridge 0-0: Ball
1-0: Ball
2-0: Called Strike
2-1: Foul Ball, location: 2F
2-2: Strikes out swinging
Batting: LHB Marcus Graham 0-0: Called Strike
0-1: Ball
1-1: Foul Ball, location: 2F
1-2: Ball
2-2: Strikes out swinging
Batting: RHB Charles Marshall 0-0: Ball
1-0: Fly out, F8 (Flyball, 8RM, EV 85.0 MPH)
Top of the 2nd over - 0 runs, 0 hits, 0 errors, 0 left on base; Orleans 0 - Cotuit 0
BOTTOM OF THE 2ND
Cotuit Kettleers batting - Pitching for Orleans Firebirds : RHP Jalen Clark
Batting: LHB Loren Frank 0-0: Called Strike
0-1: Ball
1-1: Called Strike
1-2: Strikes out looking
Batting: RHB Henry Barron 0-0: Called Strike
0-1: Foul Ball, location: 2F
0-2: Ball
1-2: Strikes out swinging
Batting: RHB Cody Hense 0-0: Called Strike
0-1: Ball
1-1: Foul Ball, location: 2F
1-2: Ball
2-2: Ball
3-2: Strikes out swinging, 2-3 out at first.
Bottom of the 2nd over - 0 runs, 0 hits, 0 errors, 0 left on base; Orleans 0 - Cotuit 0
TOP OF THE 3RD
Orleans Firebirds batting - Pitching for Cotuit Kettleers : RHP Dalton Reidy
Batting: SHB Toby Creech 0-0: Ball
1-0: Ball
2-0: Ball
3-0: Base on Balls
Batting: RHB Isaac Schneider 0-0: Called Strike
0-1: Foul Ball, location: 2F
0-2: Ball
1-2: Ball
2-2: Reached on error, E5 (Groundball, 56, EV 91.9 MPH)
Toby Creech to second
Batting: RHB Jonah Wells 0-0: Fly out, F8 (Line Drive, 8RM, EV 88.1 MPH)
Batting: RHB Benjamin Sweeney 0-0: Fly out, F9 (Flyball, 9, EV 87.5 MPH)
Batting: RHB Adrian Harrison 0-0: Ball
1-0: Called Strike
1-1: DOUBLE (Line Drive, 9LM, EV 88.1 MPH)
Toby Creech scores
Isaac Schneider to third
Runner from 3rd tries for Home, SAFE, no throw by RF
Batting: RHB Toby Foster 0-0: Ground out 5-3 (Groundball, 56, EV 88.1 MPH)
Top of the 3rd over - 2 runs, 1 hit, 1 error, 1 left on base; Orleans 2 - Cotuit 0
BOTTOM OF THE 3RD
Cotuit Kettleers batting - Pitching for Orleans Firebirds : RHP Jalen Clark
Batting: RHB Devin Daniell 0-0: Ball
1-0: Ball
2-0: Called Strike
2-1: Swinging Strike
2-2: Ball
3-2: Strikes out swinging
Batting: RHB Jamie Mays 0-0: Called Strike
0-1: Ball
1-1: Called Strike
1-2: Fly out, F7 (Flyball, 78S, EV 89.4 MPH)
Batting: RHB Jared Sadler 0-0: Called Strike
0-1: Ball
1-1: Ball
2-1: Ball
3-1: Reached on error, E9 (Flyball, 9D, EV 108.8 MPH)
Batting: RHB Tate Brown 0-0: Called Strike
0-1: Called Strike
0-2: Ground out 5-3 (Groundball, 56, EV 91.9 MPH)
Bottom of the 3rd over - 0 runs, 0 hits, 1 error, 1 left on base; Orleans 2 - Cotuit 0
TOP OF THE 4TH
Orleans Firebirds batting - Pitching for Cotuit Kettleers : RHP Dalton Reidy
Batting: RHB Rashad Eskridge 0-0: Called Strike
0-1: Called Strike
0-2: Ball
1-2: Ball
2-2: Ball
3-2: Strikes out looking
Batting: LHB Marcus Graham 0-0: Ball
1-0: Ball
2-0: Fly out, F7 (Flyball, 78M, EV 91.2 MPH)
Batting: RHB Charles Marshall 0-0: Called Strike
0-1: SINGLE (Groundball, 4M, EV 107.5 MPH) (infield hit)
Batting: SHB Toby Creech 0-0: Ball
Charles Marshall is caught stealing 2nd base 2-6
Top of the 4th over - 0 runs, 1 hit, 0 errors, 0 left on base; Orleans 2 - Cotuit 0
BOTTOM OF THE 4TH
Cotuit Kettleers batting - Pitching for Orleans Firebirds : RHP Jalen Clark
Batting: LHB Landen Ostrander 0-0: Called Strike
0-1: Ground out 6-3 (Groundball, 6, EV 81.9 MPH)
Batting: RHB Kris Lingenfelter 0-0: Ball
1-0: Ball
2-0: Called Strike
2-1: Called Strike
2-2: Ball
3-2: Ground out 5-3 (Groundball, 56, EV 85.6 MPH)
Batting: LHB Loren Frank 0-0: Ball
1-0: Called Strike
1-1: SINGLE (Line Drive, 34D, EV 108.8 MPH)
Batting: RHB Henry Barron 0-0: Called Strike
0-1: Foul Ball, location: 2F
0-2: Ball
1-2: Ball
2-2: Fly out, F8 (Line Drive, 8RD, EV 95.0 MPH)
Bottom of the 4th over - 0 runs, 1 hit, 0 errors, 1 left on base; Orleans 2 - Cotuit 0
TOP OF THE 5TH
Orleans Firebirds batting - Pitching for Cotuit Kettleers : RHP Dalton Reidy
Batting: SHB Toby Creech 0-0: Called Strike
0-1: Ball
1-1: Ball
2-1: SINGLE (Flyball, 34D, EV 88.8 MPH)
Batting: RHB Isaac Schneider 0-0: Called Strike
0-1: Called Strike
0-2: Ball
1-2: Ball
2-2: Fly out, F7 (Line Drive, 78M, EV 85.6 MPH)
Batting: RHB Jonah Wells 0-0: Ball
1-0: Ball
Toby Creech is caught stealing 2nd base 2-4
2-0: Called Strike
2-1: Ball
3-1: DOUBLE (Line Drive, 9LS, EV 105.0 MPH)
Batting: RHB Benjamin Sweeney 0-0: Foul Ball, location: 2F
0-1: Fly out, F9 (Flyball, 9LM, EV 98.8 MPH)
Top of the 5th over - 0 runs, 2 hits, 0 errors, 1 left on base; Orleans 2 - Cotuit 0
BOTTOM OF THE 5TH
Cotuit Kettleers batting - Pitching for Orleans Firebirds : RHP Jalen Clark
Batting: RHB Cody Hense 0-0: Ball
1-0: Ground out 6-3 (Groundball, 56, EV 80.0 MPH)
Batting: RHB Devin Daniell 0-0: Foul Ball, location: 2F
0-1: Fly out, F7 (Line Drive, 78M, EV 96.9 MPH)
Batting: RHB Jamie Mays 0-0: Called Strike
0-1: Foul Ball, location: 2F
0-2: Ball
1-2: Strikes out swinging
Bottom of the 5th over - 0 runs, 0 hits, 0 errors, 0 left on base; Orleans 2 - Cotuit 0
TOP OF THE 6TH
Orleans Firebirds batting - Pitching for Cotuit Kettleers : RHP Dalton Reidy
Batting: RHB Adrian Harrison 0-0: Ball
1-0: Ball
2-0: Ball
3-0: Called Strike
3-1: Ground out U3 (Groundball, 34, EV 93.1 MPH)
Batting: RHB Toby Foster 0-0: Called Strike
0-1: DOUBLE (Flyball, 8RXD, EV 100.0 MPH)
Batting: RHB Rashad Eskridge 0-0: Ball
1-0: Called Strike
1-1: Swinging Strike
1-2: Ball
2-2: Foul Ball, location: 2F
2-2: Ball
3-2: Base on Balls
Batting: LHB Marcus Graham 0-0: Ball
1-0: Ball
2-0: Ball
3-0: Called Strike
3-1: Base on Balls
Toby Foster to third
Rashad Eskridge to second
Pitching: RHP Donnie Coponen
Batting: RHB Charles Marshall 0-0: Fielders Choice at 2nd, 3-6 (Groundball, 34S, EV 82.5 MPH)
Toby Foster scores
Rashad Eskridge to third
Batting: SHB Toby Creech 0-0: Called Strike
0-1: Ball
1-1: Foul Ball, location: 2F
1-2: Fielders Choice at 2nd, 6-4 (Groundball, 6, EV 83.1 MPH)
Top of the 6th over - 1 run, 1 hit, 0 errors, 2 left on base; Orleans 3 - Cotuit 0
BOTTOM OF THE 6TH
Cotuit Kettleers batting - Pitching for Orleans Firebirds : RHP Jalen Clark
Batting: RHB Jared Sadler 0-0: Ball
1-0: Ball
2-0: Ground out 2-3 (Groundball, 2R, EV 66.2 MPH)
Batting: RHB Tate Brown 0-0: Ball
1-0: Swinging Strike
1-1: Foul Ball, location: 2F
1-2: Ball
2-2: Foul Ball, location: 2F
2-2: Ball
3-2: Strikes out looking
Batting: LHB Landen Ostrander 0-0: Called Strike
0-1: Ball
1-1: Foul Ball, location: 2F
1-2: Ball
2-2: Strikes out looking
Bottom of the 6th over - 0 runs, 0 hits, 0 errors, 0 left on base; Orleans 3 - Cotuit 0
TOP OF THE 7TH
Orleans Firebirds batting - Pitching for Cotuit Kettleers : RHP Donnie Coponen
Batting: RHB Isaac Schneider 0-0: Ball
1-0: Ground out 5-3 (Groundball, 56S, EV 75.6 MPH)
Batting: RHB Jonah Wells 0-0: Called Strike
0-1: Foul Ball, location: 2F
0-2: Ball
1-2: Foul Ball, location: 2F
1-2: Fly out, F9 (Flyball, 9, EV 82.5 MPH)
Batting: RHB Benjamin Sweeney 0-0: Ground out 3-1 (Groundball, 34, EV 105.0 MPH)
Top of the 7th over - 0 runs, 0 hits, 0 errors, 0 left on base; Orleans 3 - Cotuit 0
BOTTOM OF THE 7TH
Cotuit Kettleers batting - Pitching for Orleans Firebirds : RHP Jalen Clark
Pitching: RHP Shaq Manrique
Batting: RHB Kris Lingenfelter 0-0: Called Strike
0-1: Ball
1-1: Foul Ball, location: 2F
1-2: Foul Ball, location: 2F
1-2: SINGLE (Line Drive, 6D, EV 98.1 MPH)
Batting: LHB Loren Frank 0-0: Ball
1-0: Swinging Strike
1-1: SINGLE (Line Drive, 8RS, EV 111.9 MPH)
Kris Lingenfelter to second
Batting: RHB Henry Barron 0-0: Called Strike
0-1: Swinging Strike
0-2: Ball
1-2: Strikes out swinging
Batting: RHB Cody Hense 0-0: Called Strike
0-1: Called Strike
0-2: Foul Ball, location: 2F
0-2: Ball
1-2: SINGLE (Groundball, 6MD, EV 103.8 MPH)
Kris Lingenfelter to third
Loren Frank to second
Batting: RHB Devin Daniell 0-0: Foul Ball, location: 2F
0-1: Ball
1-1: Foul Ball, location: 2F
1-2: Fly out, F7 (Flyball, 78S, EV 83.1 MPH)
Pinch Hitting: LHB Earl Washington 0-0: Fly out, F2 (Popup, 2RF, EV 92.5 MPH)
Bottom of the 7th over - 0 runs, 3 hits, 0 errors, 3 left on base; Orleans 3 - Cotuit 0
TOP OF THE 8TH
Orleans Firebirds batting - Pitching for Cotuit Kettleers : RHP Donnie Coponen
Now at SS: Brennan Kopec
Batting: RHB Adrian Harrison 0-0: Ground out 4-3 (Groundball, 4, EV 90.0 MPH)
Batting: RHB Toby Foster 0-0: Foul Ball, location: 2F
0-1: SINGLE (Line Drive, 9LS, EV 90.0 MPH)
Pinch Hitting: LHB Elias Eisenreich 0-0: Called Strike
0-1: Ball
1-1: SINGLE (Groundball, 4D, EV 105.6 MPH)
Toby Foster to second
Throwing error, E9
Toby Foster scores
Elias Eisenreich to second
Batting: LHB Marcus Graham 0-0: Foul Ball, location: 2F
0-1: Ball
1-1: Ball
2-1: Fly out, F8 (Line Drive, 8RM, EV 108.1 MPH)
Batting: RHB Charles Marshall 0-0: Foul Ball, location: 2F
0-1: Fly out, F8 (Flyball, 8RS, EV 84.4 MPH)
Top of the 8th over - 1 run, 2 hits, 1 error, 1 left on base; Orleans 4 - Cotuit 0
BOTTOM OF THE 8TH
Cotuit Kettleers batting - Pitching for Orleans Firebirds : RHP Shaq Manrique
Now at 3B: Logan Wood
Batting: RHB Jared Sadler 0-0: Fly out, F9 (Flyball, 89S, EV 80.6 MPH)
Batting: RHB Tate Brown 0-0: Called Strike
0-1: Swinging Strike
0-2: Ground out 6-3 (Groundball, 6S, EV 62.5 MPH)
Batting: LHB Landen Ostrander 0-0: Called Strike
0-1: Foul Ball, location: 2F
0-2: Ball
1-2: Ball
2-2: Ball
3-2: Fly out, F7 (Flyball, 7D, EV 103.1 MPH)
Bottom of the 8th over - 0 runs, 0 hits, 0 errors, 0 left on base; Orleans 4 - Cotuit 0
TOP OF THE 9TH
Orleans Firebirds batting - Pitching for Cotuit Kettleers : RHP Donnie Coponen
Pitching: RHP Otis Bumpers
Batting: SHB Toby Creech 0-0: Ball
1-0: Ball
2-0: Called Strike
2-1: SINGLE (Groundball, 3D, EV 106.2 MPH)
Batting: RHB Isaac Schneider 0-0: Ball
1-0: Called Strike
1-1: Ball
2-1: Called Strike
2-2: Foul Ball, location: 2F
2-2: SINGLE (Groundball, 56D, EV 95.6 MPH)
Toby Creech to second
Batting: RHB Jonah Wells 0-0: Bunted foul
0-1: Ball
1-1: Ball
2-1: Bunt missed!
2-2: Foul Ball, location: 2F
2-2: Ball
3-2: Strikes out swinging
Batting: RHB Benjamin Sweeney 0-0: Ball
1-0: Called Strike
1-1: SINGLE (Groundball, 56S, EV 69.4 MPH) (infield hit)
Toby Creech to third
Isaac Schneider to second
Batting: RHB Adrian Harrison 0-0: Ball
1-0: Ball
2-0: Fly out, F9 (Flyball, 89S, EV 86.9 MPH)
Batting: RHB Toby Foster 0-0: Ball
1-0: Ball
2-0: Swinging Strike
2-1: Ball
3-1: Fielders Choice at 2nd, 5-4 (Groundball, 5, EV 105.0 MPH)
Top of the 9th over - 0 runs, 3 hits, 0 errors, 3 left on base; Orleans 4 - Cotuit 0
BOTTOM OF THE 9TH
Cotuit Kettleers batting - Pitching for Orleans Firebirds : RHP Shaq Manrique
Batting: RHB Kris Lingenfelter 0-0: Ball
1-0: SINGLE (Flyball, 7LS, EV 95.0 MPH)
Batting: LHB Loren Frank 0-0: Called Strike
0-1: Ball
1-1: Ball
2-1: Called Strike
2-2: Ball
3-2: Foul Ball, location: 2F
3-2: DOUBLE (Line Drive, 89D, EV 101.2 MPH)
Kris Lingenfelter to third
Pitching: RHP Camron Fortson
Batting: RHB Henry Barron 0-0: Ball
1-0: Ball
2-0: Called Strike
2-1: Fly out, F7 (Flyball, 7, EV 85.0 MPH)
Batting: RHB Cody Hense 0-0: Ball
1-0: Fly out, F9 (Flyball, 89M, EV 79.4 MPH)
Pinch Hitting: LHB James Kitts 0-0: Foul Ball, location: 2F
0-1: Ball
1-1: Swinging Strike
1-2: Foul Ball, location: 2F
1-2: Ball
2-2: Strikes out swinging
Bottom of the 9th over - 0 runs, 2 hits, 0 errors, 2 left on base; Orleans 4 - Cotuit 0
Tuesday, April 16th , 2024 - OOTP Baseball 23.10 Build 110